Unix NetHack Version 3.7.0-86 Work-in-progress - last build May 30 2023 01:50:43 (cc98dc9aa62a9957b082a042edf5bd7ec9f632c7,branch:master). Game began 2023-06-08 14:04:19, ended 2023-06-08 14:49:33. nmlkj, chaotic male human Wizard ------------ -------- |..........| |......+ )[######....<......| |.....*| # |..........| |......-####0######)) ################## ######## |..........| -+-)--.- ###-------.---##### -------------###############|..........| ### ## |.......@..## |C.........C|# ## ------------ ### |........u|## |.....C......###### # # |.......^.)########|...-----...|# # -----------### #|...|.{.|...|# ) #|..C|{.{|C..|)#####)############ -.-- #|...|.{.....|# --|------ |).. ##|...-----...|# |.......| |...- #|.....C...).|# #####...)....| |...| #|C.........C|# #### |.......| ----- #-------------# ####### |.......| ################# --------- Nmlkj the Thaumaturge St:11 Dx:13 Co:15 In:18 Wi:7 Ch:9 Chaotic S:3091 Dlvl:8 $:410 HP:0(52) Pw:2(50) AC:7 Xp:6/565 T:3571 Latest messages: The spell misses the mumak. In what direction? l The spell hits the lizard! The spell hits the mumak! You kill the mumak! In what direction? l The spell hits the lizard! The lizard resists! You hit the lizard! The lizard bites! In what direction? l The spell hits the lizard! You kill the lizard! The spell hits the werewolf! You see a door open. In what direction? l The spell misses the killer bee. The spell hits the werewolf! You kill the werewolf! In what direction? l The spell misses the killer bee. The spell hits the Woodland-elf! The Woodland-elf gets angry! The Woodland-elf wields a burnt runed bow! What do you want to throw? In what direction? l The food ration misses the killer bee. The killer bee misses! The killer bee stings! In what direction? l The spell misses the killer bee. The spell hits the kitten! You kill the kitten! The killer bee stings! The killer bee stings! You don't have enough energy to cast that spell. You miss the killer bee. The Woodland-elf shoots 3 runed arrows! The 1st runed arrow misses the killer bee. The 1st runed arrow misses you. The 2nd runed arrow misses the killer bee. You are hit by the 2nd runed arrow! The 3rd runed arrow misses the killer bee. You are hit by the 3rd runed arrow! The killer bee stings! You climb up the stairs. The gray unicorn butts! The gray unicorn kicks! The gray unicorn butts! You die... Inventory: $ - 410 gold pieces d - an uncursed ring of regeneration e - an uncursed ring of teleport control J - a wand of speed monster (0:5) c - a wand of striking (0:5) f - 2 uncursed potions of monster detection g - an uncursed potion of speed w - an uncursed potion of speed i - an uncursed scroll of confuse monster K - 2 uncursed scrolls of confuse monster h - an uncursed scroll of destroy armor v - an uncursed scroll of destroy armor L - an uncursed scroll of fire x - a blessed scroll of identify F - a cursed scroll of light j - an uncursed scroll of teleportation H - an uncursed spellbook of detect food N - an uncursed worthless piece of black glass z - 2 uncursed food rations D - an uncursed pear r - 2 uncursed tripe rations m - 2 uncursed lichen corpses M - an uncursed blindfold o - an uncursed tin whistle p - a +0 orcish dagger a - a blessed +1 quarterstaff (weapon in hands) q - an uncursed +0 orcish helm (being worn) C - an uncursed +0 pair of low boots (being worn) b - an uncursed +0 cloak of magic resistance (being worn) G - an uncursed +0 mummy wrapping t - an uncursed +0 elven mithril-coat Nmlkj the Wizard's attributes: Background: You were a Thaumaturge, a level 6 male human Wizard. You were chaotic, on a mission for Anhur who was opposed by Ptah (lawful) and Thoth (neutral). You were in the Dungeons of Doom, on level 8. You entered the dungeon 3571 turns ago. You had 565 experience points, 75 more were needed to attain level 7. Your score was 3091 before end-of-game adjustments. Basics: You had 0 out of 52 hit points. You had 2 out of 50 energy points (spell power). Your armor class was 7. Your wallet contained 410 zorkmids. Autopickup was on for '$' plus thrown. Final Characteristics: Your strength was 11 (peak:13, limit:18/100). Your dexterity was 13 (peak:14, limit:18). Your constitution was 15 (limit:18). Your intelligence was 18 (limit:18). Your wisdom was 7 (peak:8, limit:18). Your charisma was 9 (limit:18). Final Status: You were not hungry. You were unencumbered. You were wielding a quarterstaff. You were skilled in quarterstaff. Final Attributes: You were piously aligned. You were magic-protected. You were poison resistant. You were telepathic. You were warded. You are dead. Miscellaneous: You disabled loading of bones levels. Total elapsed playing time was 35 minutes and 50 seconds. Major events: Turn 1: nmlkj the chaotic male human Wizard entered the dungeon 970: attained the rank of Conjurer (level 3) 2942: attained the rank of Thaumaturge (level 6) 3258: consulted the Oracle 3571: killed by a gray unicorn Vanquished creatures: a large cat a mumak a dwarf mummy a werewolf a lizard a dingo a dust vortex a snake a Woodland-elf a wood nymph a rock piercer a pony 2 yellow lights a shrieker a kobold mummy 3 elf zombies a giant ant a floating eye 2 kittens a kobold leader a kobold shaman 2 rothes a wererat a werejackal an iguana 4 killer bees 3 coyotes 2 hobbits a manes a giant rat a yellow mold a gnome a garter snake 2 geckos 8 jackals a fox 2 kobolds a goblin 4 sewer rats 6 grid bugs 4 lichens 4 newts 76 creatures vanquished. No species were genocided or became extinct. Voluntary challenges: You were illiterate. You never engraved Elbereth. You never genocided any monsters. You never polymorphed an object. You never changed form. You used no wishes. Achievements: You entered a shop. You attained the rank of Conjurer. You attained the rank of Thaumaturge. You consulted the Oracle of Delphi. The Dungeons of Doom: levels 1 to 9 Level 1: A fountain. Level 2: A fountain. Level 3: A scroll shop, some fountains. Level 4: A fountain. Level 5: Level 6: A fountain. Level 7: A scroll shop. Level 8: <- You were here. Many fountains. Oracle of Delphi. Final resting place for you, killed by a gray unicorn. Level 9: Game over: ---------- / \ / REST \ / IN \ / PEACE \ / \ | nmlkj | | 410 Au | | killed by a gray | | unicorn | | | | | | 2023 | *| * * * | * _________)/\\_//(\/(/\)/\//\/|_)_______ Goodbye nmlkj the Wizard... You died in The Dungeons of Doom on dungeon level 8 with 3050 points, and 410 pieces of gold, after 3571 moves. You were level 6 with a maximum of 52 hit points when you died.